 Dungeon Crawl Stone Soup version 0.25.1-2-g60ff931df9 (webtiles) character file.

Game seed: 10041724741877185812

497 ChiliFriez the Chopper (level 7, -2/66 HPs)
             Began as a Hill Orc Fighter on Nov 19, 2020.
             Was an Initiate of Okawaru.
             Slain by Pikel
             ... wielding a +1 whip of electrocution
              (13 damage)
             ... on level 4 of the Dungeon.
             The game lasted 00:15:34 (3333 turns).

ChiliFriez the Chopper (Hill Orc Fighter)           Turns: 3333, Time: 00:15:34

Health: -2/66      AC: 11    Str: 25    XL:     7   Next: 15%
Magic:  7/7        EV:  6    Int:  8    God:    Okawaru [......]
Gold:   215        SH:  5    Dex: 12    Spells: 6/6 levels left

rFire    . . .     SeeInvis .   a - +0 war axe
rCold    . . .     Gourm    .   u - +1 buckler {reflect}
rNeg     . . .     Faith    .   x - +0 plate armour
rPois    .         Spirit   .   (no helmet)
rElec    .         Reflect  +   (no cloak)
rCorr    .         Harm     .   (no gloves)
MR       .....                  (no boots)
Stlth    ..........             (no amulet)
HPRegen  0.21/turn              h - +6 ring of strength
MPRegen  0.10/turn              (no ring)

@: no status effects
A: no striking features
a: Renounce Religion


You were on level 4 of the Dungeon.
You worshipped Okawaru.
Okawaru was noncommittal.
You were not hungry.

You visited 2 branches of the dungeon, and saw 5 of its levels.

You collected 215 gold pieces.

Inventory:

Hand Weapons
 a - a +0 war axe (weapon)
Armour
 u - a +1 buckler of reflection (worn)
 x - a +0 plate armour (worn)
Jewellery
 h - a +6 ring of strength (left hand)
Wands
 p - a wand of flame (12)
 v - a wand of iceblast (11)
Scrolls
 c - a scroll of identify
 i - 2 scrolls of amnesia
 j - a scroll of noise
 l - a scroll of teleportation {unknown}
 n - a scroll of fog {unknown}
 s - 2 scrolls of remove curse {unknown}
 t - a scroll of enchant weapon {unknown}
Potions
 b - a potion of stabbing
 e - 2 potions of mutation {unknown}
 g - 2 potions of resistance
 m - a potion of degeneration {unknown}
 q - 2 potions of curing
 r - a potion of berserk rage {unknown}
 w - a potion of ambrosia {unknown}
Comestibles
 f - 8 rations


   Skills:
 + Level 7.2 Fighting
 + Level 7.2 Axes
 - Level 3.2 Armour
 - Level 3.2 Shields


You had 6 spell levels left.
You didn't know any spells.
Your spell library contained the following spells:

 Spells                   Type           Power        Failure   Level  Hunger
 Corona                   Hex            #......      100%        1    ##.....
 Ensorcelled Hibernation  Hex/Ice        #.....       100%        2    ###....
 Confusing Touch          Hex            #.......     100%        3    ####...
 Dazzling Flash           Conj/Hex       #.....       100%        3    ####...
 Tukima's Dance           Hex            #.......     100%        3    ####...


Dungeon Overview and Level Annotations

Branches:
Dungeon (4/15)             Temple (1/1) D:4

Altars:
Dithmenos
Elyvilon
Fedhas
Makhleb
Nemelex Xobeh
Okawaru
Vehumet
Yredelemnul

Annotations:
D:4 Pikel


Message History

Pikel is moderately wounded.
Pikel hits you with a +1 whip of electrocution.
Your magical contamination has completely faded away.
You closely miss Pikel.
Pikel is moderately wounded.
Pikel closely misses you.
Pikel hits you with a +1 whip of electrocution.
* * * LOW HITPOINT WARNING * * *
You barely miss Pikel.
Pikel is moderately wounded.
Pikel hits you but does no damage.
You closely miss Pikel.
Pikel is moderately wounded.
Pikel hits you with a +1 whip of electrocution.
* * * LOW HITPOINT WARNING * * *
Your plate armour prevents you from hitting Pikel.
Pikel is moderately wounded.
Pikel says, "You'll feel the lick of my whip!"
Pikel hits you but does no damage.
You are electrocuted!
You die...

############
##..@Kp.....#
##....#p.....#
#.....#......#
###§###.#......#
#≈§§≈§#.#......#
#§...≈#.#....(.#
#≈...≈#.'......#
#≈..§§#.#......# ###
#####≈..§§######...##


You could see Pikel and 2 slaves.

Vanquished Creatures
  The ghost of Snicker the Covered, an amateur HuFi (D:3)
  2 slaves (D:4)
  A scorpion (D:2)
  A hound (D:3)
  An orc wizard (D:3)
  Ijyb (D:3)
  Natasha (thrice) (D:3)
  A worker ant (D:4)
  3 adders
  3 worms
  5 dart slugs
  A leopard gecko (D:1)
  8 orcs (D:3)
  6 bats
  2 giant cockroaches (D:3)
  8 goblins
  11 hobgoblins
  7 jackals
  A quokka (D:2)
  A ball python (D:2)
  5 frilled lizards
  A jackal skeleton (D:4)
  7 kobolds
  8 rats
88 creatures vanquished.

Notes
Turn   | Place    | Note
-------+----------+-------------------------------------------
     0 | D:1      | ChiliFriez the Hill Orc Fighter began the quest for the
                  | Orb.
     0 | D:1      | Reached XP level 1. HP: 19/19 MP: 1/1
   235 | D:1      | Reached XP level 2. HP: 26/27 MP: 2/2
   736 | D:1      | Reached XP level 3. HP: 34/34 MP: 3/3
  1507 | D:2      | Noticed a scorpion
  1512 | D:2      | Reached XP level 4. HP: 38/41 MP: 4/4
  1595 | D:2      | Reached skill level 5 in Fighting
  1595 | D:2      | Reached skill level 5 in Axes
  1595 | D:2      | Reached XP level 5. HP: 45/48 MP: 5/5
  1804 | D:3      | Noticed Ijyb
  1812 | D:3      | Noticed Natasha
  1812 | D:3      | Noticed Snicker's ghost (amateur HuFi)
  1841 | D:3      | Found a runed translucent gate.
  1841 | D:3      | Found a runed translucent gate.
  1842 | D:3      | Found a runed translucent gate.
  1912 | D:3      | Killed Ijyb
  2344 | D:3      | Killed Natasha
  2344 | D:3      | Reached XP level 6. HP: 37/57 MP: 6/6
  2507 | D:3      | Noticed Natasha
  2511 | D:3      | Killed Natasha
  2668 | D:3      | Killed Snicker's ghost
  2668 | D:3      | Reached XP level 7. HP: 25/64 MP: 7/7
  2733 | D:3      | Noticed Natasha
  2749 | D:3      | Killed Natasha
  3080 | D:4      | Found a staircase to the Ecumenical Temple.
  3094 | Temple   | Entered the Ecumenical Temple
  3115 | Temple   | Became a worshipper of Warmaster Okawaru
  3265 | D:4      | Noticed Pikel
  3333 | D:4      | Slain by Pikel

Illustrated notes

Levels and vault maps discovered:
D:1:      dpeg_arrival_lava_temple_mockup, layout_loops_corners
D:2:      layout_rooms
D:3:      layout_rooms, first_ration, gammafunk_ghost_split,
          kennysheep_generic_room_4, uniq_natasha, uniq_ijyb
D:4:      layout_gridville, temple_statues, kennysheep_minor_cross, uniq_pikel
Temple:   nicolae_temple_elliptical

Skill      XL: |  1  2  3  4  5  6  7 |
---------------+----------------------+-----
Axes           | 3 4 5 6 7 |  7.2
Fighting       | 4 5 6 7 |  7.2
Armour         | |  3.2
Shields        | |  3.2

Action                   |  1- 3 |  4- 6 |  7- 9 || total
-------------------------+-------+-------+-------++-------
Melee: War axe           |   111 |   153 |    41 ||   305
  Use: Scroll            |     2 |     4 |     1 ||     7
       Potion            |       |     2 |     2 ||     4
  Eat: Ration            |     1 |       |     1 ||     2
       Chunk             |       |     3 |       ||     3
Armor: Scale mail        |    14 |       |       ||    14
       Chain mail        |    51 |    96 |     1 ||   148
       Plate armour      |       |       |    32 ||    32
Dodge: Dodged            |    28 |    42 |    15 ||    85
Block: Kite shield       |    63 |    88 |       ||   151
       Buckler           |       |     7 |    14 ||    21
